 Dungeon Crawl Stone Soup version 0.21.1-1-g345015f (webtiles) character file.

26 zishaf the Sneak (level 2, -8/13 HPs)
             Began as a Spriggan Enchanter on May 7, 2018.
             Mangled by a worm (9 damage)
             ... on level 2 of the Dungeon.
             The game lasted 00:02:41 (1260 turns).

zishaf the Sneak (Spriggan Enchanter)               Turns: 1260, Time: 00:02:41

Health: -8/13      AC:  2    Str:  4    XL:     2   Next: 89%
Magic:  5/6        EV: 19    Int: 16    God:
Gold:   66         SH:  0    Dex: 16    Spells: 5/6 levels left

rFire    . . .     SeeInvis +   a - +1 dagger
rCold    . . .     Gourm    .   (shield restricted)
rNeg     . . .     Faith    .   b - +0 robe
rPois    .         Spirit   .   (helmet restricted)
rElec    .         Reflect  .   (no cloak)
rCorr    .         Harm     .   (gloves unavailable)
MR       .....                  (boots unavailable)
Stlth    +++.......             (no amulet)
HPRegen  0.04/turn              (no ring)
MPRegen  0.10/turn              (no ring)

@: very quick
A: very small, unfitting armour, see invisible, herbivore, speed 3, slow
metabolism 2
a: no special abilities


You were on level 2 of the Dungeon.
You were not hungry.

You visited 1 branch of the dungeon, and saw 2 of its levels.

You collected 66 gold pieces.

Inventory:

Hand Weapons
 a - a +1 dagger (weapon)
Armour
 b - a +0 robe (worn)
Scrolls
 f - 2 scrolls of teleportation {unknown}
 h - 2 scrolls of identify {unknown}
Potions
 e - a potion of flight {unknown}
 g - a potion of lignification {unknown}
Books
 c - a book of Maledictions

   Spells                             Type                      Level
   a - Corona                         Hexes                        1
   b - Ensorcelled Hibernation        Hexes/Ice                    2
   c - Confuse                        Hexes                        3
   d - Tukima's Dance                 Hexes                        3
   e - Dazzling Spray                 Conjuration/Hexes            3
Comestibles
 d - 2 rations


   Skills:
 - Level 1.1 Short Blades
 + Level 3.6 Dodging
 * Level 5.5 Stealth
 - Level 2.6 Spellcasting
 + Level 4.0 Hexes


You had 5 spell levels left.
You knew the following spells:

 Your Spells              Type           Power        Failure   Level  Hunger
a - Corona                Hex            ###....      3%          1    #......


Dungeon Overview and Level Annotations

Branches:
Dungeon (2/15)

Altars:
Okawaru
Yredelemnul


Innate Abilities, Weirdness & Mutations

You are very small and have problems with some larger weapons.
You are too small for most types of armour.
You have supernaturally acute eyesight. (SInv)
You are a herbivore.
You cover ground extremely quickly.
You need consume almost no food.


Message History

The worm misses you.
You hit the worm.
The worm is lightly wounded.
You hit the worm.
The worm is moderately wounded.
The worm bites you but does no damage.
You hit the worm but do no damage.
The worm is lightly wounded.
You hit the worm.
The worm is moderately wounded.
The worm stops glowing.
The worm bites you!
Ouch! That really hurt!
* * * LOW HITPOINT WARNING * * *
You hit the worm.
The worm is moderately wounded.
You hit the worm.
The worm is moderately wounded.
The worm bites you!
Ouch! That really hurt!
You die...

..###.#.##......).....###......#
..###.#.####...#......# ......#
......#.# #.#.#......# ......#
..#####.# ##.#.#......# (.....#
#######.# #...<.....### ......#
#.......# #.........# #######
#.####### #.....<...#
#.#########.....#############
................@w...........
......#####.....###..........
#.#...#####.....# #..........
#.#........).#### #w......)..
#.#...........# #......._8_
#.#.##.......)# #.........h
#.#.##........# #..........
#.#.####.#....# #########..
..#......#....# .


You could see a worm.

Vanquished Creatures
  An ooze (D:1)
  5 goblins
  3 hobgoblins
  2 bats (D:1)
  A frilled lizard (D:1)
  6 kobolds
  4 rats (D:1)
22 creatures vanquished.

Notes
Turn   | Place    | Note
-------+----------+-------------------------------------------
     0 | D:1      | zishaf the Spriggan Enchanter began the quest for the Orb.
     0 | D:1      | Reached XP level 1. HP: 9/9 MP: 5/5
   290 | D:1      | Reached skill level 5 in Stealth
   290 | D:1      | Reached XP level 2. HP: 12/13 MP: 6/6
  1234 | D:2      | Found an iron altar of Okawaru.
  1237 | D:2      | Found a basalt altar of Yredelemnul.
  1260 | D:2      | Mangled by a worm

Skill      XL: |  1  2 |
---------------+-------+-----
Stealth        | 5 |  5.5
Hexes          | 4 |  4.0
Short Blades   | |  1.1
Dodging        | |  3.6
Spellcasting   | |  2.6

Action                   || total
-------------------------++-------
Melee: Dagger            ||    88
 Cast: Corona            ||     2
 Stab: Sleeping          ||     6
Armor: Robe              ||     3
Dodge: Dodged            ||    54
